 Dungeon Crawl Stone Soup version 0.27-a0-103-g6cd7b45605 (webtiles) character file.

Game seed: 3893724767671700514

529 knot the Chopper (level 7, 52/52 HPs)
             Began as a Demonspawn Berserker on Jan 23, 2021.
             Was a Believer of Trog.
             Quit the game on level 5 of the Dungeon.
             The game lasted 00:05:22 (3969 turns).

knot the Chopper (Demonspawn Berserker)             Turns: 3969, Time: 00:05:23

Health: 52/52      AC: 11    Str: 17    XL:     7   Next: 3%
Magic:  7/7        EV: 11    Int: 11    God:    Trog [**....]
Gold:   247        SH:  0    Dex: 12    Spells: 6/6 levels left

rFire    . . .     SeeInvis .   u - +2 hand axe (vorpal)
rCold    . . .     Faith    .   (no shield)
rNeg     . . .     Spirit   .   k - +0 scale mail
rPois    .         Reflect  .   (no helmet)
rElec    .         Harm     .   (no cloak)
rCorr    .         Rampage  .   e - +1 pair of gloves
Will     .....                  n - +2 pair of boots
Stlth    +.........             m - amulet of the acrobat
HPRegen  0.17/turn              (no ring)
MPRegen  0.10/turn              (no ring)

@: no status effects
A: claws 1, spiny 1, sturdy frame 2
a: Renounce Religion, Berserk, Trog's Hand


You were on level 5 of the Dungeon.
You worshipped Trog.
Trog was pleased with you.
You visited 1 branch of the dungeon, and saw 5 of its levels.

You collected 247 gold pieces.

Inventory:

Hand Weapons
 u - a +2 vorpal hand axe (weapon)
Missiles
 d - 5 atropa-tipped darts
 h - 86 sling bullets
 l - 142 stones
 o - 3 boomerangs (quivered)
Armour
 e - a +1 pair of gloves (worn)
 k - a +0 scale mail (worn)
 n - a +2 pair of boots (worn)
Jewellery
 m - an amulet of the acrobat (around neck)
Scrolls
 c - 2 scrolls of remove curse
 g - a scroll of fog {unknown}
 p - 2 scrolls of teleportation {unknown}
 q - 2 scrolls of enchant weapon {unknown}
 r - 2 scrolls of magic mapping {unknown}
 v - 2 scrolls of identify {unknown}
Potions
 a - a potion of brilliance {unknown}
 b - a potion of degeneration {unknown}
 f - 2 potions of lignification {unknown}
 i - 4 potions of curing {unknown}
 j - a potion of invisibility {unknown}
 s - a potion of flight {unknown}
 t - a potion of heal wounds {unknown}
 w - a potion of ambrosia {unknown}


   Skills:
 - Level 3.0 Fighting
 * Level 6.1 Axes
 * Level 3.7 Throwing
 - Level 1.7 Armour
 - Level 1.7 Dodging


You had 6 spell levels left.
You didn't know any spells.
Your spell library was empty.

Dungeon Overview and Level Annotations

Branches:
Dungeon (5/15)
 Temple: D:4-7

Altars:
Nemelex Xobeh


Innate Abilities, Weirdness & Mutations

You have sharp fingernails.
You are partially covered in sharp spines.
Your movements are less encumbered by armour. (ER -4)


Message History

The centaur skeleton is heavily damaged.
Throw: 3 boomerangs
Press: ? - help, Q - select action, (/) - cycle Shift-Dir - straight line, f/p - centaur skeleton
Aim: a centaur skeleton (heavily damaged)
You throw a boomerang.
The boomerang hits the centaur skeleton.
The centaur skeleton is severely damaged.
Throw: 3 boomerangs
Press: ? - help, Q - select action, (/) - cycle Shift-Dir - straight line, f/p - centaur skeleton
Aim: a centaur skeleton (severely damaged)
You throw a boomerang.
The boomerang hits the centaur skeleton.
The centaur skeleton is almost destroyed.
You hit the centaur skeleton.
You destroy the centaur skeleton!
Trog accepts your kill.
You have reached level 7!
Your demonic ancestry asserts itself...
Sharp spines emerge from parts of your body.
Are you sure you want to abandon this character and quit the game? (Confirm with "yes".)

...........#
....).....
.....)..##
........###
#.........#
####..........
#..........#
#@...# #....#
##...# #...#
... ##..## ..#
#...# #..
##..##... #..
##.........
#..
###.......###


There were no monsters in sight!

Vanquished Creatures
  A phantom (D:4)
  An ogre (D:3)
  A bullfrog skeleton (D:3)
  A centaur skeleton (D:5)
  An orc priest (D:5)
  3 orc wizards
  2 worker ants (D:4)
  6 adders
  An ooze (D:3)
  2 worms (D:2)
  4 dart slugs
  A leopard gecko (D:2)
  13 orcs
  3 ball pythons
  6 giant cockroaches
  3 goblins
  4 hobgoblins
  2 kobolds (D:2)
  4 quokkas
  2 bats
  4 frilled lizards
  A leopard gecko skeleton (D:4)
  7 rats
73 creatures vanquished.

Vanquished Creatures (others)
  A plant (D:1)
1 creature vanquished.

Grand Total: 74 creatures vanquished

Notes
Turn   | Place    | Note
-------+----------+-------------------------------------------
     0 | D:1      | knot the Demonspawn Berserker began the quest for the Orb.
     0 | D:1      | Reached XP level 1. HP: 18/18 MP: 1/1
   172 | D:1      | Reached skill level 3 in Axes
   553 | D:2      | Gained mutation: Your movements are slightly less
                  | encumbered by armour. (ER -2) [demonic ancestry]
   553 | D:2      | Reached XP level 2. HP: 24/24 MP: 2/2
   703 | D:2      | Reached XP level 3. HP: 17/29 MP: 3/3
  1091 | D:2      | Reached skill level 4 in Axes
  1880 | D:3      | Gained mutation: You have sharp fingernails. [demonic
                  | ancestry]
  1880 | D:3      | Reached XP level 4. HP: 32/35 MP: 4/4
  1880 | D:3      | Reached ** piety under Trog
  2042 | D:3      | Reached skill level 5 in Axes
  2042 | D:3      | Reached skill level 1 in Throwing
  2042 | D:3      | Gained mutation: Your movements are less encumbered by
                  | armour. (ER -4) [demonic ancestry]
  2042 | D:3      | Reached XP level 5. HP: 30/41 MP: 5/5
  2263 | D:3      | Noticed an ogre
  2290 | D:3      | Killed an ogre
  2534 | D:3      | Found a sparkling altar of Nemelex Xobeh.
  2677 | D:3      | Reached XP level 6. HP: 45/47 MP: 6/6
  3899 | D:5      | Entered Level 5 of the Dungeon
  3919 | D:5      | Reached skill level 6 in Axes
  3969 | D:5      | Gained mutation: You are partially covered in sharp spines.
                  | [demonic ancestry]
  3969 | D:5      | Reached XP level 7. HP: 52/52 MP: 7/7
  3969 | D:5      | Quit the game

Illustrated notes

Levels and vault maps discovered:
D:1:      minmay_arrival_doors, layout_loops_ring, minmay_shallow_snake_nest
D:2:      layout_basic, serial_corexii_hall, corexii_hall_statues_x,
          corexii_hall_statues_i, grunt_ministairs_13
D:3:      layout_basic, nemelex_altar_shiori
D:4:      layout_loops_ring
D:5:      layout_layer_cave, grunt_dithmenos_smoke_and_mirrors,
          kiku_gazebo_garden_becter, minmay_temple_entry_large_hall,
          item_on_display_a

Skill      XL: |  1  2  3  4  5  6 |
---------------+-------------------+-----
Axes           | 3 4 5 6 |  6.1
Throwing       | 1 2 3 |  3.7
Fighting       | |  3.0
Armour         | |  1.7
Dodging        | |  1.7

Action                   |  1- 3 |  4- 6 |  7- 9 || total
-------------------------+-------+-------+-------++-------
Melee: Hand axe          |   110 |   155 |       ||   265
Throw: Dart              |     8 |    11 |       ||    19
       Boomerang         |       |    43 |       ||    43
Invok: Berserk           |     1 |     5 |       ||     6
       Trog's Hand       |       |     1 |       ||     1
  Use: Scroll            |     3 |       |       ||     3
 Stab: Sleeping          |     1 |       |       ||     1
       Invisible         |       |     1 |       ||     1
Armor: Scale mail        |    36 |    71 |       ||   107
       Animal skin       |     1 |       |       ||     1
Dodge: Dodged            |    75 |    82 |       ||   157

Table legend: (Time is in decaauts)
 A = Elapsed time spent in this place.
 B = Non-inter-level travel time spent in this place.
 C = Inter-level travel time spent in this place.
 D = Time resting spent in this place.
 E = Time spent auto-exploring this place.
 F = Levels seen in this place.
 G = Mean time per level.
                   A        B        C        D        E       F      G
               +--------+--------+--------+--------+--------+-----+--------+
         Total |   4060 |   3858 |    202 |   1044 |   2215 |   5 |  812.0 |
       Dungeon |   4060 |   3858 |    202 |   1044 |   2215 |   5 |  812.0 |
               +--------+--------+--------+--------+--------+-----+--------+

Top non-repeatable levels by time:
     D:2: 1258 daAuts
     D:4: 1102 daAuts
     D:3: 1001 daAuts
     D:1: 626 daAuts
     D:5: 71 daAuts
